[Event "*** Titled Tuesday Blitz"]
[Site "Chess.com"]
[Date "2019.10.01"]
[Round "6"]
[White "Abdodi"]
[Black "Supernotar"]
[Result "0-1"]
[WhiteElo "2181"]
[BlackElo "2710"]
[TimeControl "180+2"]
[EndTime "14:24:25 PDT"]
[Termination "Supernotar won by resignation"]

1. d4 d5 2. Nf3 Nf6 3. g3 e6 4. Bg2 Be7 5. O-O O-O 6. c4 c6 7.
Qc2 Nbd7 8. Bf4 b6 9. cxd5 cxd5 10. Rc1 Ba6 11. Ne5 Nxe5 12. Bxe5 Rc8 13. Nc3 Bb7 14. Qd3 Qd7 15. Qb5 Bc6 16. Qa6 Qb7 17. Qxb7 Bxb7 18.
Nb5 Ba6 19. Nxa7 Rxc1+ 20. Rxc1 Bxe2 21. Nc8 Bd8 22. Bxf6 Bxf6 23. Rc2 Bd3 24. Rc6 Bxd4 25. Nxb6 Bxb2 26. Bf1 Bxf1 27. Kxf1 Bd4 28. a4 Bxb6 29. Rxb6 Ra8 30. a5 g5 31. a6 Kg7 32. f4 gxf4 33.
gxf4 Kf6 34. Kf2 Kf5 35. Kf3 f6 36. Rd6 h6 37. h4 h5 38. Ke3 Ra7 39. Kf3 Rc7 40. Ke3 Rc3+ 41. Kd4 Rc4+ 42. Kd3 Ra4 43. Ke3 Re4+ 44. Kd3 Rxf4 45. a7 Ra4 46. Rd7 Ke5 47.
Rh7 f5 48. Kc3 Ke4 49. Kb3 Ra1 50. Kb4 e5 51. Kb5 d4 52. Kb6 d3 53. Rd7 Ke3 54.
Rd5 e4 55. Ra5 Rxa5 56. Kxa5 d2 0-1

[Event "*** Titled Tuesday Blitz"]
[Site "Chess.com"]
[Date "2019.10.01"]
[Round "6"]
[White "Mikhail_Golubev"]
[Black "ThePunisherxx"]
[Result "1-0"]
[WhiteElo "2510"]
[BlackElo "2632"]
[TimeControl "180+2"]
[EndTime "14:24:32 PDT"]
[Termination "Mikhail_Golubev won by checkmate"]

1. e4 c5 2. Nf3 e6 3. d4 cxd4 4. Nxd4 a6 5. Bd3 Bc5 6. Be3 Qb6 7. c3 Nc6 8. Nd2 Bxd4 9. cxd4 d5 10. Qg4 g6 11. e5 Qxb2 12. O-O Qc3 13. Be2 h5 14. Qf4 Nge7 15. Rfc1 Qa5 16. Nf3 Nf5 17. Bd3 Qd8 18.
Bxf5 exf5 19. Rab1 Na5 20. e6 Bxe6 21. Qe5 Rg8 22.
Bg5 Qd7 23. Rc7 Nc4 24. Rxd7 Nxe5 25. Re7+ Kf8 26. Nxe5 b5 27. Rc1 b4 28. Rcc7 Re8 29.
Rxf7+ Bxf7 30. Rxf7# 1-0

[Event "*** Titled Tuesday Blitz"]
[Site "Chess.com"]
[Date "2019.10.01"]
[Round "6"]
[White "Bucefal_M"]
[Black "Ginzburg_Yakov"]
[Result "0-1"]
[WhiteElo "2298"]
[BlackElo "2579"]
[TimeControl "180+2"]
[EndTime "14:24:38 PDT"]
[Termination "Ginzburg_Yakov won by checkmate"]

1. d4 d5 2. c4 c6 3. e3 Nf6 4. Nc3 e6 5. Nf3 Nbd7 6. Qc2 Bd6 7. b3 O-O 8. Be2 e5 9. cxd5 cxd5 10. Nb5 Bb8 11.
Ba3 Re8 12. dxe5 Nxe5 13. O-O Nfg4 14. Nbd4 Bd7 15. Rfd1 Qf6 16. h3 Nxf3+ 17. Nxf3 Ne5 18. Nd4 Qg5 19. f4 Qg3 20. fxe5 Qxe3+ 21. Kh1 Bxe5 22. Bb2 Qg3 23. Nf3 Rac8 24. Qd2 Bf4 25. Qd4 Rxe2 26. Re1 Qxg2# 0-1

[Event "*** Titled Tuesday Blitz"]
[Site "Chess.com"]
[Date "2019.10.01"]
[Round "6"]
[White "GadimbayliA"]
[Black "Bigfish1995"]
[Result "0-1"]
[WhiteElo "2866"]
[BlackElo "3000"]
[TimeControl "180+2"]
[EndTime "14:24:40 PDT"]
[Termination "Bigfish1995 won by checkmate"]

1. e4 e5 2. Nf3 Nc6 3. Bb5 a6 4. Ba4 Nf6 5. O-O b5 6. Bb3 Bc5 7. c3 d6 8. d4 Bb6 9. Be3 O-O 10. Nbd2 h6 11. Qb1 Ng4 12. Bd5 Bd7 13. a4 Rb8 14.
axb5 axb5 15. b4 Kh8 16. h3 Nxe3 17. fxe3 Ne7 18. Bb3 exd4 19. exd4 c5 20. bxc5 dxc5 21. Kh1 Ng6 22. e5 c4 23. Bc2 Nf4 24. Ne4 Bc6 25. Qc1 Nd3 26. Qe3 Qd5 27. Nd6 f6 28. Nh4 Kg8 29. Ng6 Qxg2# 0-1

[Event "*** Titled Tuesday Blitz"]
[Site "Chess.com"]
[Date "2019.10.01"]
[Round "6"]
[White "Mr_Sinigami"]
[Black "TST2014"]
[Result "1-0"]
[WhiteElo "2406"]
[BlackElo "2553"]
[TimeControl "180+2"]
[EndTime "14:24:43 PDT"]
[Termination "Mr_Sinigami won by resignation"]

1. c4 Nf6 2. Nf3 g6 3. g3 Bg7 4. b3 O-O 5. Bb2 b6 6. Bg2 Bb7 7. O-O c5 8. d4 cxd4 9. Bxd4 Nc6 10. Bb2 Qb8 11. Nc3 Ne4 12. Qc1 Nc5 13. Nd5 e5 14.
Rd1 Re8 15. Qg5 Ne6 16. Qh4 Qd8 17. Qxd8 Raxd8 18. Rab1 f5 19. e3 Kf7 20. b4 d6 21.
a3 h6 22. Nd2 e4 23. Bxg7 Kxg7 24. f3 exf3 25. Nxf3 Ne5 26. Rbc1 Nxf3+ 27. Bxf3 Ng5 28.
Bg2 Bxd5 29. cxd5 Rxe3 30. Rc7+ Kf6 31. Rxa7 Ne4 32. a4 Rc8 33. Rd7 Ke5 34. Re7+ Kf6 35. Re6+ Kf7 36. Rf1 Nd2 37. Rxe3 Nxf1 38. Bxf1 Rc1 39.
Ra3 Kf6 40. a5 bxa5 41. bxa5 Rc7 42. a6 Ra7 43. Re3 Kf7 44. Re6 Rd7 45. Bb5 Rd8 46.
Bc6 Rb8 47. a7 Rb1+ 48. Kf2 Ra1 49. a8=Q Rxa8 1-0

[Event "*** Titled Tuesday Blitz"]
[Site "Chess.com"]
[Date "2019.10.01"]
[Round "6"]
[White "Grandmaster1369"]
[Black "Misha_Bilous"]
[Result "1-0"]
[WhiteElo "2682"]
[BlackElo "2515"]
[TimeControl "180+2"]
[EndTime "14:24:46 PDT"]
[Termination "Grandmaster1369 won by checkmate"]

1. e4 c5 2. Nf3 d6 3. Bb5+ Bd7 4. Bxd7+ Qxd7 5. O-O Nc6 6. c3 Nf6 7. Re1 e6 8. d4 cxd4 9. cxd4 d5 10. e5 Ne4 11.
Nbd2 Nxd2 12. Bxd2 Be7 13. Rc1 O-O 14. Rc3 Rac8 15. a3 b5 16. h4 b4 17. Rd3 bxa3 18. bxa3 Nb8 19. h5 h6 20. Nh2 Rc4 21. Ng4 Kh8 22. Qf3 Nc6 23. Bxh6 gxh6 24. Nf6 Bxf6 25. Qxf6+ Kh7 26. Rg3 Rg8 27. Rxg8 Kxg8 28. Re3 Nxd4 29. Rg3+ Kf8 30. Qxh6+ Ke7 31. Qf6+ Kf8 32. h6 Nf5 33. h7 Rh4 34. Rg8# 1-0

[Event "*** Titled Tuesday Blitz"]
[Site "Chess.com"]
[Date "2019.10.01"]
[Round "6"]
[White "vovachesss"]
[Black "Spring199"]
[Result "1-0"]
[WhiteElo "2529"]
[BlackElo "2369"]
[TimeControl "180+2"]
[EndTime "14:24:46 PDT"]
[Termination "vovachesss won by checkmate"]

1. d4 Nf6 2. Nc3 d5 3. Bg5 e6 4. e4 dxe4 5. Nxe4 Be7 6. Bxf6 gxf6 7. c3 f5 8. Ng3 b6 9. Be2 Bb7 10. Bf3 c6 11. N1e2 Nd7 12. Nf4 Nf6 13. Qd2 Qc7 14.
O-O-O O-O-O 15. Rhe1 Ng4 16. h3 Bg5 17. Ngh5 Nf6 18.
h4 Bh6 19. g3 Nxh5 20. Bxh5 c5 21. Qe3 cxd4 22. Rxd4 Rxd4 23. Qxd4 Rd8 24. Qe3 Be4 25.
f3 e5 26. fxe4 exf4 27. Qf3 fxg3+ 28. Kb1 f4 29. e5 Kb8 30. Qe4 Qe7 31. Bf3 Kc8 32.
Qa8+ Kd7 33. Qc6# 1-0

[Event "*** Titled Tuesday Blitz"]
[Site "Chess.com"]
[Date "2019.10.01"]
[Round "6"]
[White "babero_gordo"]
[Black "abubakrtagelsir"]
[Result "0-1"]
[WhiteElo "2105"]
[BlackElo "2378"]
[TimeControl "180+2"]
[EndTime "14:24:46 PDT"]
[Termination "abubakrtagelsir won by resignation"]

1. e4 d6 2. d4 Nf6 3. Nc3 g6 4. f4 Bg7 5. Nf3 c5 6. dxc5 Qa5 7. Qd4 O-O 8. cxd6 exd6 9. Bd2 Nc6 10. Qg1 Qb4 11. Bd3 Qxb2 12. Rb1 Qa3 13. Rb3 Qa5 14. Qf2 Ng4 15. Qe2 Nd4 16. Nxd4 Bxd4 17. h3 Nf2 18. Rf1 Nxd3+ 19. Qxd3 Bg7 20. Nd5 Qxa2 21. Ke2 Be6 22.
f5 Bxd5 23. exd5 Rac8 24. f6 Rfe8+ 25. Kf2 Rxc2 26. fxg7 Rxd2+ 27. Kg1 Rxd3 28. Rxd3 Kxg7 29. Rdf3 Rf8 30. g4 Qxd5 0-1

[Event "*** Titled Tuesday Blitz"]
[Site "Chess.com"]
[Date "2019.10.01"]
[Round "6"]
[White "smshk35"]
[Black "Bagirova"]
[Result "1-0"]
[WhiteElo "2367"]
[BlackElo "2087"]
[TimeControl "180+2"]
[EndTime "14:24:47 PDT"]
[Termination "smshk35 won by resignation"]

1. e4 c5 2. Nf3 d6 3. c3 Nf6 4. Be2 g6 5. O-O Bg7 6. d3 O-O 7. h3 b6 8. a4 Bb7 9. Be3 Nbd7 10. Nbd2 a6 11. Nh2 b5 12. f4 c4 13. dxc4 Nxe4 14. Nxe4 Bxe4 15. cxb5 axb5 16. Bxb5 Nf6 17. Bd4 Bb7 18.
Ng4 Nxg4 19. Bxg7 Kxg7 20. Qxg4 Qb6+ 21. Kh2 h5 22. Qg3 Qc5 23. f5 Qd5 24. Rad1 h4 25.
Qg5 Qe5+ 26. Qf4 Ba6 27. Qxe5+ dxe5 28. Rd5 Bxb5 29. axb5 e4 30. b6 e6 31. fxe6 fxe6 32. Rxf8 Rxf8 33. Re5 Rf2 34. b4 Rf8 35. c4 Kf6 36.
Rxe4 g5 37. c5 e5 38. Re1 Ke6 39. Rd1 Rf4 40. b7 Rxb4 41. c6 e4 42. c7 1-0

[Event "*** Titled Tuesday Blitz"]
[Site "Chess.com"]
[Date "2019.10.01"]
[Round "6"]
[White "politeplayer"]
[Black "FearNoEvil12"]
[Result "0-1"]
[WhiteElo "2183"]
[BlackElo "2044"]
[TimeControl "180+2"]
[EndTime "14:24:50 PDT"]
[Termination "FearNoEvil12 won by checkmate"]

1. f4 b5 2. Nf3 a6 3. e4 Bb7 4. d3 e6 5. Be2 c5 6. O-O Nc6 7. Kh1 d5 8. Qe1 dxe4 9. dxe4 Nf6 10. e5 Nd5 11. Nc3 c4 12. Ne4 h6 13. Qg3 Qb6 14.
c3 O-O-O 15. a4 g5 16. axb5 gxf4 17. Bxf4 axb5 18. b3 cxb3 19. Rab1 Be7 20. Bc1 Rhg8 21. Qh3 Rg7 22. Rxb3 b4 23. c4 Nc7 24. Nd6+ Bxd6 25. exd6 Rxd6 26. Be3 Qa5 27. c5 Rd8 28. Qxh6 Rdg8 29. Rg1 Nd5 30. Bd4 Nxd4 31. Nxd4 Qxc5 32. Rc1 Nc3 33. Nf3 Rxg2 34. Rcxc3 Rg1# 0-1

[Event "*** Titled Tuesday Blitz"]
[Site "Chess.com"]
[Date "2019.10.01"]
[Round "6"]
[White "Olga_Ustinova"]
[Black "Shubinkirill2003"]
[Result "1-0"]
[WhiteElo "2359"]
[BlackElo "2522"]
[TimeControl "180+2"]
[EndTime "14:24:54 PDT"]
[Termination "Olga_Ustinova won by resignation"]

1. d4 e6 2. Nf3 Nf6 3. Bf4 b6 4. e3 Bb7 5. Nbd2 Be7 6. Bd3 d6 7. c3 Nbd7 8. O-O h6 9. h3 g5 10.
Bh2 Rg8 11. e4 Nh5 12. Ne5 Nf4 13. Bxf4 gxf4 14. Nxd7 Qxd7 15. a4 e5 16. Qf3 O-O-O 17. a5 Kb8 18. axb6 cxb6 19. Ba6 Ba8 20. d5 Rg5 21.
Kh2 Rdg8 22. Rg1 Qc7 23. c4 Qc5 24. Qe2 R5g7 25. f3 Bh4 26. Raf1 Qe3 27. c5 dxc5 28. Bd3 Bb7 29. Nc4 Qd4 30. Nd6 Bc8 31.
b3 Bd7 32. Bb5 Qe3 33. Qa2 Bxb5 34. Nxb5 a5 35. Nd6 Bg3+ 36. Kh1 Qd3 37. Qa4 Qa6 38.
Qc6 Qa7 39. Nc4 Rg6 40. Nxe5 R6g7 41. Nd7+ 1-0

[Event "*** Titled Tuesday Blitz"]
[Site "Chess.com"]
[Date "2019.10.01"]
[Round "6"]
[White "nitpicker"]
[Black "DonBroca"]
[Result "1-0"]
[WhiteElo "2270"]
[BlackElo "2078"]
[TimeControl "180+2"]
[EndTime "14:24:54 PDT"]
[Termination "nitpicker won by resignation"]

1. d4 Nf6 2. c4 g6 3. Nc3 Bg7 4. e4 d6 5. Be2 O-O 6. Nf3 e5 7.
O-O Nc6 8. d5 Ne7 9. b4 Nh5 10.
g3 f5 11. Ng5 Nf6 12. Bf3 fxe4 13. Ncxe4 Nxe4 14. Bxe4 h6 15. Ne6 Bxe6 16. dxe6 c6 17. Bb2 d5 18. cxd5 cxd5 19. Bc2 Qd6 20. Qg4 h5 21.
Qh3 Qxb4 22. Rab1 Qc5 23. Rbc1 Bh6 24. Bxg6 Bxc1 25. Bf7+ Rxf7 26. exf7+ Kf8 27. Rxc1 Qb6 28. Bxe5 Rd8 29. Qxh5 Qg6 30. Qh8+ Kxf7 31. Qxd8 Qe6 32. Bf4 d4 33. Qxd4 Nc6 34. Qc4 Kf6 35. Qxe6+ 1-0

[Event "*** Titled Tuesday Blitz"]
[Site "Chess.com"]
[Date "2019.10.01"]
[Round "6"]
[White "Saloni1299"]
[Black "SCIM"]
[Result "0-1"]
[WhiteElo "2062"]
[BlackElo "2501"]
[TimeControl "180+2"]
[EndTime "14:24:57 PDT"]
[Termination "SCIM won by resignation"]

1. e4 c5 2. Nf3 e6 3. d4 cxd4 4.
Nxd4 Nc6 5. Nc3 Qc7 6. f4 a6 7.
Nxc6 bxc6 8. Bd3 d5 9. Qe2 Nf6 10. O-O Be7 11. Re1 O-O 12. Kh1 Re8 13. b3 c5 14. e5 Nd7 15. f5 Bf8 16. fxe6 Rxe6 17.
Nxd5 Qxe5 18. Qxe5 Rxe5 19. Bf4 Rxd5 20. Be4 Nf6 21. Bxd5 Nxd5 22. Bg3 Be6 23. c4 Nb4 24. Rad1 Nxa2 25. Bd6 Nb4 26. Bxf8 Kxf8 27. Re5 Rc8 28. Rd6 Ke7 29. Rb6 Rc7 30. h3 g6 31. Kh2 h5 32.
Kg3 Kf6 33. Re3 Rd7 34. Rb8 Nc6 35. Rb6 Nd4 36. Kh2 a5 37. Ra6 Rb7 38. Rxa5 Rxb3 39. Rc3 Rxc3 40. Rxc5 Rxc4 0-1

[Event "*** Titled Tuesday Blitz"]
[Site "Chess.com"]
[Date "2019.10.01"]
[Round "6"]
[White "hypert"]
[Black "kosya4ok"]
[Result "0-1"]
[WhiteElo "2429"]
[BlackElo "2613"]
[TimeControl "180+2"]
[EndTime "14:24:59 PDT"]
[Termination "kosya4ok won by resignation"]

1. Nf3 d5 2. g3 Nf6 3. Bg2 c5 4. O-O Nc6 5. d4 e6 6. c4 dxc4 7.
Qa4 Bd7 8. dxc5 Bxc5 9. Qxc4 Qe7 10. Nc3 Rc8 11. Bg5 Bb6 12. Qh4 h6 13. Ne4 Bd8 14.
Rfd1 Rc7 15. Nd6+ Kf8 16. Ne4 Kg8 17. Bf4 e5 18. Nxf6+ Qxf6 19. Nxe5 g5 20. Qh5 Nxe5 21. Bxe5 Qxe5 22. Bd5 Qf6 23. Rd3 Bf5 24. Rf3 Bg6 25. Qg4 Qxb2 26. Rd1 Kg7 27. h4 Bf6 28. h5 Bc2 29.
Rd2 Qc1+ 30. Kg2 Qxd2 31. e4 Bd1 32. Rxf6 Bxg4 0-1

[Event "*** Titled Tuesday Blitz"]
[Site "Chess.com"]
[Date "2019.10.01"]
[Round "6"]
[White "Dhaydon19"]
[Black "r31415"]
[Result "1-0"]
[WhiteElo "2679"]
[BlackElo "2396"]
[TimeControl "180+2"]
[EndTime "14:25:01 PDT"]
[Termination "Dhaydon19 won by resignation"]

1. e4 d6 2. d4 Nf6 3. Nc3 g6 4. f4 Bg7 5. Nf3 O-O 6. Bd3 Nc6 7. e5 dxe5 8. dxe5 Nd5 9. O-O Ndb4 10. Be4 f5 11. exf6 exf6 12. a3 f5 13. axb4 fxe4 14. Nxe4 Bf5 15. Qxd8 Raxd8 16. Nc5 b6 17. Na6 Bxc2 18. b5 Nd4 19. Nxc7 Rd7 20. Na6 Nxf3+ 21.
gxf3 Rf5 22. Nb4 Bb3 23. Nc6 Rxb5 24. Rxa7 Rxa7 25. Nxa7 Bd4+ 26. Kg2 Rc5 27. Kg3 Bc4 28. Rd1 Bg7 29. Rd8+ Bf8 30. b3 Bxb3 31. Ba3 Rf5 32. Nc8 Kg7 33. Bb2+ Kf7 34. Nxb6 Be7 35. Rd7 Rb5 36.
Nc8 Be6 37. Rxe7+ Kf8 38. Ba3 Bxc8 39. Rb7+ Rb4 1-0

[Event "*** Titled Tuesday Blitz"]
[Site "Chess.com"]
[Date "2019.10.01"]
[Round "6"]
[White "VerdeNotte"]
[Black "Bathory44"]
[Result "1-0"]
[WhiteElo "2779"]
[BlackElo "2617"]
[TimeControl "180+2"]
[EndTime "14:25:06 PDT"]
[Termination "VerdeNotte won by resignation"]

1. c4 Nf6 2. Nc3 g6 3. e4 d6 4. d4 Bg7 5. h3 O-O 6. Be3 e5 7. d5 a5 8. g4 Na6 9. Nge2 c6 10. Ng3 cxd5 11. cxd5 Nc5 12. a4 Bd7 13. Be2 Rc8 14. Kf1 Qb6 15. Bb5 Bxb5+ 16. Nxb5 Ne8 17. Kg2 Nc7 18. Qe2 Nxb5 19. Qxb5 Qxb5 20. axb5 b6 21. Ra3 Rc7 22. Rc1 Rfc8 23. h4 Bf6 24. g5 Be7 25. h5 f6 26. hxg6 hxg6 27. gxf6 Bxf6 28. Rac3 Bh4 29. Nf1 Rf7 30. Nd2 Rcf8 31. f3 Rh7 32. Nc4 g5 33. Nxd6 g4 34. Nf5 gxf3+ 35. Kxf3 Na4 36.
Rc8 Bd8 37. b3 Nb2 38. Rg1+ Kf7 39. Rc6 Nd3 40. Re6 Rh3+ 41. Ke2 Bg5 42. Rxg5 1-0

[Event "*** Titled Tuesday Blitz"]
[Site "Chess.com"]
[Date "2019.10.01"]
[Round "6"]
[White "tigra"]
[Black "Konavets"]
[Result "1-0"]
[WhiteElo "2732"]
[BlackElo "2930"]
[TimeControl "180+2"]
[EndTime "14:25:07 PDT"]
[Termination "tigra won by resignation"]

1. Nc3 e5 2. Nf3 Nc6 3. d4 exd4 4. Nxd4 Nf6 5. Bg5 Be7 6. Nf5 O-O 7. Nxe7+ Qxe7 8. Nd5 Qe5 9. Bxf6 gxf6 10. c3 Ne7 11.
Nxe7+ Qxe7 12. e3 d6 13. Bd3 Kh8 14. Qh5 f5 15. Bxf5 Bxf5 16. Qxf5 Rg8 17. O-O Rg5 18. Qf3 Rag8 19. g3 d5 20. Rad1 Qe6 21. Rd4 Rf5 22. Rf4 Rxf4 23. Qxf4 c5 24. Rd1 b6 25. Qf3 Rd8 26. a3 Rd7 27. Qf4 h6 28. h4 Kh7 29.
Kf1 Re7 30. Rd2 Rd7 31. Ke1 Qg6 32. Qe5 Qb1+ 33. Rd1 Qc2 34. Rd2 Qb1+ 35. Ke2 d4 36.
cxd4 cxd4 37. exd4 Rd6 38. d5 Rf6 39. f3 Rg6 40. d6 Qh1 41. d7 Qg2+ 42. Ke3 Qg1+ 43. Kd3 Qb1+ 44. Ke2 1-0

[Event "*** Titled Tuesday Blitz"]
[Site "Chess.com"]
[Date "2019.10.01"]
[Round "6"]
[White "Faustregel"]
[Black "GHANDEEVAM2003"]
[Result "0-1"]
[WhiteElo "2569"]
[BlackElo "2973"]
[TimeControl "180+2"]
[EndTime "14:25:07 PDT"]
[Termination "GHANDEEVAM2003 won by checkmate"]

1. e4 c5 2. Nf3 e6 3. d4 cxd4 4. Nxd4 Nc6 5. Nc3 Nf6 6. Ndb5 d6 7. Bf4 e5 8. Bg5 a6 9. Na3 b5 10. Nd5 Be7 11. Bxf6 Bxf6 12. c3 Bg5 13. Nc2 Rb8 14. a4 bxa4 15. Ncb4 Nxb4 16. Nxb4 Bd7 17. Bxa6 O-O 18. Qxd6 Be7 19. Qd3 Bxb4 20. cxb4 Rxb4 21. O-O Rxb2 22. Rfd1 Qb6 23. Rd2 Rxd2 24. Qxd2 Bc6 25. Bc4 Rd8 26. Bd5 h6 27. h3 Kh7 28. Qc2 Be8 29. Qc4 Qa7 30. Ra3 Rb8 31. Rf3 Kg8 32.
Kh2 Qe7 33. Qa6 Rd8 34. Rg3 Rd6 35. Qa8 g6 36. Qa5 Rf6 37. Qa8 Kg7 38. Rc3 Rxf2 39. Rc8 Qg5 40. Rxe8 Qxg2# 0-1

[Event "*** Titled Tuesday Blitz"]
[Site "Chess.com"]
[Date "2019.10.01"]
[Round "6"]
[White "imdvb6307"]
[Black "AliKa2810"]
[Result "0-1"]
[WhiteElo "2413"]
[BlackElo "2608"]
[TimeControl "180+2"]
[EndTime "14:25:07 PDT"]
[Termination "AliKa2810 won on time"]

1. c4 Nf6 2. Nc3 g6 3. Nf3 Bg7 4. d4 O-O 5. e4 d6 6. Be2 e5 7.
O-O Nc6 8. d5 Ne7 9. Ne1 Nd7 10.
f3 f5 11. g4 Nf6 12. Be3 Kh8 13. Nd3 b6 14. h3 h5 15. g5 Nh7 16. h4 Ng8 17.
Kh2 a5 18. a3 Qd7 19. Nf2 Ne7 20. b4 fxe4 21. fxe4 Rf4 22. Bxf4 exf4 23. Qd3 Be5 24. Bf3 c5 25. bxa5 Rxa5 26. a4 Ba6 27. Rab1 Nc8 28.
Rb3 Kg8 29. Nb5 Rxa4 30. Rfb1 Ra2 31. Kg1 Bxb5 32. cxb5 Bd4 33. Rf1 Qh3 34. Bg2 Qxh4 35. Qf3 Nxg5 0-1

[Event "*** Titled Tuesday Blitz"]
[Site "Chess.com"]
[Date "2019.10.01"]
[Round "6"]
[White "Qvalda"]
[Black "NemtsevIgor"]
[Result "1-0"]
[WhiteElo "2521"]
[BlackElo "2307"]
[TimeControl "180+2"]
[EndTime "14:25:10 PDT"]
[Termination "Qvalda won by resignation"]

1. d4 c6 2. c4 d6 3. Nc3 h6 4. g3 g5 5. Bg2 Bg7 6. e4 Nd7 7.
Nge2 Nf8 8. O-O Ng6 9. f4 gxf4 10. Nxf4 Nxf4 11. gxf4 Qb6 12. Be3 Qxb2 13. Qd3 Qa3 14. Rab1 Nf6 15. Rb3 Qa5 16. Bd2 Qh5 17. Ne2 Rg8 18.
Kh1 Ng4 19. h3 Nf6 20. e5 Bf5 21. Qe3 Ng4 22. Qf3 d5 23. cxd5 cxd5 24. Kg1 Rd8 25. Ng3 Qg6 26. Nxf5 Qxf5 27. hxg4 Qc2 28. Qd3 Qc8 29. f5 h5 30. Rc1 Qd7 31. Qb5 hxg4 32. Qxd7+ Rxd7 33. Rc8+ Rd8 34. Rxd8+ Kxd8 35. Bxd5 b6 36.
Bxf7 Rh8 37. Bg6 Kc7 38. Rc3+ Kb7 39. Rg3 Rd8 40. Be3 Kc6 41. Rxg4 Kd5 42. Bf7+ Kc6 43. Rxg7 1-0

[Event "*** Titled Tuesday Blitz"]
[Site "Chess.com"]
[Date "2019.10.01"]
[Round "6"]
[White "vugarrasulov"]
[Black "VladDobrov"]
[Result "1-0"]
[WhiteElo "2878"]
[BlackElo "2947"]
[TimeControl "180+2"]
[EndTime "14:25:11 PDT"]
[Termination "vugarrasulov won by resignation"]

1. d4 Nf6 2. c4 c5 3. d5 b5 4.
cxb5 a6 5. f3 e6 6. e4 c4 7.
Bxc4 Bc5 8. Nc3 axb5 9. Bxb5 Qb6 10. Nge2 O-O 11. Bc4 Ba6 12. Bxa6 Nxa6 13. Na4 Qa7 14.
Nxc5 Nxc5 15. Be3 Qa5+ 16. Kf1 Rfb8 17. dxe6 Nxe6 18. b3 d5 19. e5 d4 20. Bxd4 Nd5 21. Bf2 Rd8 22. Qe1 Qc7 23. g3 Qxe5 24. Kg2 Qb2 25.
a4 Qxb3 26. a5 Re8 27. Qd2 Red8 28. Rhb1 Qc4 29. Rc1 Qa6 30. Nd4 Ne7 31. Qe1 Nxd4 32. Qxe7 Ne6 33. Ra2 h5 34. Bb6 Qxb6 35. axb6 Rxa2+ 36.
Kg1 Rdd2 37. Qh4 g6 38. b7 Kg7 39. b8=Q Re2 40. Qb5 1-0

[Event "*** Titled Tuesday Blitz"]
[Site "Chess.com"]
[Date "2019.10.01"]
[Round "6"]
[White "Jumbo"]
[Black "ExploringChess"]
[Result "0-1"]
[WhiteElo "2799"]
[BlackElo "2942"]
[TimeControl "180+2"]
[EndTime "14:25:16 PDT"]
[Termination "ExploringChess won by resignation"]

1. d4 g6 2. c4 Bg7 3. Nf3 Nf6 4. g3 O-O 5. Bg2 c6 6. O-O d6 7. Nc3 Qa5 8. e4 Be6 9. Nd2 Na6 10. h3 Qh5 11. b3 Qxd1 12. Rxd1 Nd7 13. Nf3 c5 14. Be3 Nb4 15. Rac1 cxd4 16. Nxd4 Nc6 17. Nxe6 fxe6 18. h4 Nc5 19. f4 e5 20. Nd5 a5 21. Bxc5 dxc5 22. Nc7 Rac8 23. Ne6 exf4 24. gxf4 Nd4 25.
Nxf8 Rxf8 26. Kh2 Rxf4 27. Rd3 Be5 28. Kh1 Rxh4+ 29. Rh3 Rg4 30. Rf1 Ne2 31. Bf3 Ng3+ 32. Kg2 Rg5 33. Rd1 Nxe4+ 34. Kf1 Nd6 35. Rd5 b6 36. Bg2 e6 37. Rdd3 Bd4 38. Rhf3 Nf5 39.
a3 e5 40. Rh3 Rg4 41. Bd5+ Kg7 42. Rdf3 e4 43. Rxf5 gxf5 44. Be6 Rg1+ 45. Ke2 f4 0-1

[Event "*** Titled Tuesday Blitz"]
[Site "Chess.com"]
[Date "2019.10.01"]
[Round "6"]
[White "AntonSmirnov"]
[Black "Bryakin_Mikhail"]
[Result "1-0"]
[WhiteElo "2908"]
[BlackElo "2751"]
[TimeControl "180+2"]
[EndTime "14:25:18 PDT"]
[Termination "AntonSmirnov won by resignation"]

1. e4 c6 2. d4 d5 3. e5 Bf5 4. Nf3 e6 5. Be2 Nd7 6. O-O Bg6 7. Nbd2 Nh6 8. Re1 Nf5 9. c3 h5 10. h3 h4 11. Nf1 Be7 12. Ne3 Nxe3 13. Bxe3 Bf5 14.
Qb3 Qb6 15. Rec1 f6 16. Bf4 Qxb3 17. axb3 fxe5 18. Nxe5 Nxe5 19. Bxe5 Bf6 20. Bh2 Kf7 21. Re1 Rhe8 22. Bh5+ g6 23. Bg4 a6 24. Be5 Rac8 25. b4 Be4 26. Bxf6 Kxf6 27. f3 Bf5 28. Re5 Ra8 29.
Rae1 a5 30. bxa5 Rxa5 31. R5e2 c5 32. dxc5 Rxc5 33. Ra1 Rb5 34. Ra4 Bxg4 35. Rxg4 Rh8 36. f4 d4 37. cxd4 Rd5 38. Rd2 Rhd8 39. Rxh4 Rxd4 40.
Rxd4 Rxd4 41. Rh7 Rb4 42. g4 Rxb2 43. g5+ Kf5 44. Rf7+ Ke4 45. h4 Kf3 46. h5 gxh5 47.
Rh7 Kxf4 48. g6 Rb5 49. Rf7+ Kg3 50. g7 Rg5 51. Rf2 Kh4+ 52. Rg2 Rxg7 53. Rxg7 e5 54. Kf2 e4 55. Ke3 1-0

[Event "*** Titled Tuesday Blitz"]
[Site "Chess.com"]
[Date "2019.10.01"]
[Round "6"]
[White "anon132639"]
[Black "severomorskij"]
[Result "0-1"]
[WhiteElo "2679"]
[BlackElo "2845"]
[TimeControl "180+2"]
[EndTime "14:25:22 PDT"]
[Termination "severomorskij won by resignation"]

1. d4 Nf6 2. c4 e6 3. Nf3 Bb4+ 4. Nbd2 O-O 5. a3 Be7 6. e4 d6 7. Bd3 Nfd7 8. O-O e5 9. d5 a5 10. Nb1 Nc5 11. Bc2 a4 12. Nc3 Bd7 13. Be3 Bg4 14.
Bxc5 dxc5 15. h3 Bxf3 16. Qxf3 Nd7 17. Nxa4 Kh8 18. Nc3 g6 19. Rad1 Nb6 20. Qe2 Bd6 21. a4 f5 22. b3 Qh4 23. Rd3 Rf7 24. Rf3 f4 25. Bd1 h5 26. Rd3 Raf8 27. f3 Rg7 28. Rd2 Nd7 29. Ra2 Qe7 30. Qd3 g5 31. Kf2 Nf6 32.
Rh1 Rh7 33. Be2 Rg8 34. Raa1 Rgg7 35. Raf1 g4 36. hxg4 hxg4 37. Ke1 g3 38. Kd2 Rh2 39. Rxh2+ gxh2 40. Rh1 Rxg2 41. Nd1 Nh5 42. Kc3 Ng3 43. Bf1 Ra2 44. Bh3 Nxh1 45. Nb2 Ng3 46. Bg2 Ra1 0-1

[Event "*** Titled Tuesday Blitz"]
[Site "Chess.com"]
[Date "2019.10.01"]
[Round "6"]
[White "Blackmind96"]
[Black "Hrant_ChessMood"]
[Result "0-1"]
[WhiteElo "2693"]
[BlackElo "2873"]
[TimeControl "180+2"]
[EndTime "14:25:27 PDT"]
[Termination "Hrant_ChessMood won by checkmate"]

1. d4 Nf6 2. c4 g6 3. f3 c5 4. d5 e6 5. e4 exd5 6. cxd5 d6 7.
Nc3 a6 8. a4 Bg7 9. Bg5 Nbd7 10. Qd2 O-O 11. Nge2 h5 12. Ng3 Qb6 13. Be2 Nh7 14.
Be3 h4 15. Nf1 Ne5 16. Bf2 f5 17. exf5 Bxf5 18. Ne3 Bh6 19. O-O Rae8 20. a5 Qd8 21. Qd1 Nxf3+ 22. Bxf3 Bxe3 23. Ra4 Bxf2+ 24. Rxf2 Ng5 25.
Re2 Nxf3+ 26. gxf3 Qg5+ 27. Kh1 Rxe2 28. Qxe2 Qc1+ 29.
Kg2 h3+ 30. Kf2 Qh1 31. Ke3 Re8+ 32. Ne4 Bxe4 33. Rxe4 Qg1+ 34. Kd3 Qb1+ 35. Ke3 Rxe4+ 36. fxe4 Qg1+ 37. Kf3 Kg7 38. e5 Qh1+ 39. Kg3 Qxd5 40. exd6 Qxd6+ 41. Kxh3 Qd7+ 42. Kg3 Qc7+ 43. Kg4 Qd7+ 44.
Kg3 Qd6+ 45. Kg4 Qf6 46. Qe4 Kh6 47. Qe3+ g5 48. Qxc5 Qf4+ 49. Kh3 Qf3# 0-1

[Event "*** Titled Tuesday Blitz"]
[Site "Chess.com"]
[Date "2019.10.01"]
[Round "6"]
[White "colegiodemadrid"]
[Black "SloLev"]
[Result "1/2-1/2"]
[WhiteElo "2350"]
[BlackElo "2473"]
[TimeControl "180+2"]
[EndTime "14:25:29 PDT"]
[Termination "Game drawn by agreement"]

1. Nf3 d5 2. c4 e6 3. g3 Nf6 4. Bg2 c6 5. O-O Nbd7 6. b3 Bd6 7. Nc3 O-O 8. Bb2 b6 9. cxd5 exd5 10. Nd4 Bb7 11.
Nf5 Be5 12. f4 Bc7 13. d3 g6 14. Nh4 Ng4 15. Qd2 Re8 16. e4 Nc5 17. h3 Nf6 18. e5 Nh5 19. Kh2 Ba6 20. Rf3 Ne6 21. d4 Nhg7 22.
f5 gxf5 23. Nxf5 Nxf5 24. Rxf5 Ng7 25. Rf6 Qd7 26. Qg5 Kh8 27. Ne4 Bd3 28. Nd6 Bxd6 29. Rxd6 Qc7 30. Rd1 Bg6 31. Rf1 Ne6 32. Qf6+ Kg8 33. h4 Rad8 34. Ba3 h5 35. Bh3 Rxd6 36.
Bxd6 Qd8 37. Bxe6 Qxf6 38. Rxf6 Rxe6 39. Rxe6 fxe6 40. b4 Bb1 41. a3 Kf7 42. Kg2 Kg6 43. Kf3 Kf5 44. Bb8 a6 45. Bc7 b5 46. Bd8 Be4+ 47. Kf2 Kg4 48. Bg5 Bh1 49. Bf4 Kf5 50. Ke3 Kg4 51. Kf2 Bf3 52. Ke3 Be4 53. Kf2 1/2-1/2